 Dungeon Crawl Stone Soup version 0.28.0-47-ge53b351184 (webtiles) character file.

Game seed: 7314931884990680153

36 101zpm the Magician (level 3, -4/25 HPs)
             Began as a Djinni Fire Elementalist on May 4, 2022.
             Slain by an iguana (12 damage)
             ... on level 4 of the Dungeon.
             The game lasted 00:01:41 (1038 turns).

101zpm the Magician (Djinni Fire Elementalist)      Turns: 1038, Time: 00:01:43

Health: -4/25      AC:  2    Str:  7    XL:     3   Next: 57%
Gold:   24         EV: 12    Int: 18    God:
                   SH:  0    Dex: 13

rFire   + + .      SeeInvis .   (no weapon)
rCold   x . .      Faith    .   (no shield)
rNeg    . . .      Spirit   .   a - +0 robe
rPois   ∞          Reflect  .   (no helmet)
rElec   .          Harm     .   (no cloak)
rCorr   .          Rampage  .   (no gloves)
Will    .....                   (boots unavailable)
Stlth   ++........              (no amulet)
HPRegen 0.08/turn               (no ring)
MPRegen 0.00/turn               (no ring)

@: flying
A: sickness immunity, fire resistance 2, cold vulnerability 1, float, innate
caster, HP casting, extra vitality 1
a: no special abilities


You were on level 4 of the Dungeon.
You visited 1 branch of the dungeon, and saw 4 of its levels.

You collected 24 gold pieces.

Inventory:

Armour
 a - a +0 robe (worn)


   Skills:
 + Level 2.4 Dodging
 + Level 1.8 Stealth
 + Level 3.2 Spellcasting


You couldn't memorise any spells.
You knew the following spells:

 Your Spells              Type           Power      Damage    Failure   Level
a - Foxfire               Conj/Fire      56%        2x1d6     4%          1
b - Scorch                Fire           28%        2d6       6%          2
c - Conjure Flame         Conj/Fire      14%        6-21      13%         3
d - Inner Flame           Hex/Fire       14%        N/A       13%         3
e - Flame Wave            Conj/Fire      14%        2d6       38%         4
f - Shock                 Conj/Air       56%        1d6       4%          1
Your spell library was empty.

Dungeon Overview and Level Annotations

Branches:
Dungeon (4/15)
 Temple: D:4-7

Altars:


Innate Abilities, Weirdness & Mutations

You are immune to sickness and miasma.
You are immune to poison.
Your flesh is very heat resistant. (rF++)
You are vulnerable to cold. (rC-)
You float through the air rather than walking.
You learn spells naturally, not from books.
Your magical power is your life essence.
You have superior vitality. (+4 MHP)


Message History

An adder comes into view.
The goblin throws a stone.
The stone closely misses you.
An iguana comes into view.
You conjure some foxfire!
The adder hisses angrily.
The foxfire hits the adder.
The adder is lightly wounded.
You conjure some foxfire!
Casting: Foxfire (safe; 4% risk of failure)
Confirm with . or Enter, or press ? or * to list all spells.
Flames lash the adder.
The adder is severely wounded.
The adder's fire resistance burns away.
The foxfire hits the goblin.
You kill the goblin!
Casting: Scorch (safe; 7% risk of failure)
Confirm with . or Enter, or press ? or * to list all spells.
Flames lash the adder.
The adder is burned terribly!
The adder is almost dead.
The adder completely misses you.
Casting: Scorch (safe; 7% risk of failure)
Confirm with . or Enter, or press ? or * to list all spells.
Flames lash the adder skeleton.
The adder skeleton is moderately damaged.
The adder skeleton's fire resistance burns away.
The adder bites you.
Casting: Scorch (safe; 7% risk of failure)
Confirm with . or Enter, or press ? or * to list all spells.
Flames lash the adder.
The adder is burned terribly!
You kill the adder!
Casting: Scorch (safe; 7% risk of failure)
Confirm with . or Enter, or press ? or * to list all spells.
Flames lash the adder skeleton.
The adder skeleton is burned terribly!
You destroy the adder skeleton!
Casting: Scorch (safe; 6% risk of failure)
Confirm with . or Enter, or press ? or * to list all spells.
Flames lash the iguana.
The iguana is moderately wounded.
The iguana's fire resistance burns away.
The iguana bites you!
You die...

### .... .....
###
......######.#
......l@.....#
....).######.#
.....
#.####### ....
#.....:.# .$.
#######.# ..
#.##### .
#......
######. #.


You could see an iguana (combustible).

Vanquished Creatures
  2 adders (D:4)
  An adder skeleton (D:4)
  A worm (D:2)
  A dart slug (D:3)
  An orc (D:3)
  2 endoplasms
  A jackal (D:1)
  2 goblins
11 creatures vanquished.

Vanquished Creatures (others)
  73 foxfires
  A fungus (D:3)
74 creatures vanquished.

Grand Total: 85 creatures vanquished

Notes
Turn   | Place    | Note
-------+----------+-------------------------------------------
     0 | D:1      | 101zpm the Djinni Fire Elementalist began the quest for the
                  | Orb.
     0 | D:1      | Reached XP level 1. HP: 15/15 MP: 0/0
   401 | D:2      | Reached XP level 2. HP: 2/21 MP: 0/0
   919 | D:4      | Reached skill level 3 in Spellcasting
   919 | D:4      | Reached XP level 3. HP: 20/25 MP: 0/0
   919 | D:4      | Learned a level 1 spell: Shock
  1038 | D:4      | Slain by an iguana

Illustrated notes

Levels and vault maps discovered:
D:1:      amcnicky_arrival_underground_garden, layout_rooms
D:2:      layout_basic, basic_altar, minmay_misc_feat_encased, uniq_robin
D:3:      layout_basic, bloody_makhleb, shapermc_ecumenical_altar_rom_forum,
          chequers_arboretum, grunt_ministairs_1
D:4:      layout_basic, mainiacjoe_overflow_tiny_flanked, vehumet_statue,
          chequers_serial_rivers_micro_a

Skill      XL: |  1  2 |
---------------+-------+-----
Spellcasting   | 3 |  3.2
Dodging        | |  2.4
Stealth        | |  1.8

Action                   || total
-------------------------++-------
 Cast: Foxfire           ||    53
       Scorch            ||     6
Dodge: Dodged            ||     2
